 Dungeon Crawl Stone Soup version 0.25.0-9-g26727b657a (webtiles) character file.

Game seed: 6235432240187867749

89 xccam the Cudgeler (level 4, -1/28 HPs)
             Began as a Gargoyle Berserker on June 16, 2020.
             Was a Believer of Trog.
             Slain by a troll (3 damage)
             ... on level 4 of the Dungeon.
             The game lasted 00:02:36 (1683 turns).

xccam the Cudgeler (Gargoyle Berserker)             Turns: 1683, Time: 00:02:37

Health: -1/28      AC: 10    Str: 22    XL:     4   Next: 55%
Magic:  4/4        EV: 11    Int:  7    God:    Trog [**....]
Gold:   66         SH:  0    Dex:  9    Spells: 3/3 levels left

rFire    . . .     SeeInvis .   a - +0 mace
rCold    . . .     Gourm    .   (no shield)
rNeg     + . .     Faith    .   g - +0 ring mail
rPois    ∞         Spirit   .   (no helmet)
rElec    +         Reflect  .   (no cloak)
rCorr    .         Harm     .   (no gloves)
MR       ++++.                  l - +0 pair of boots
Stlth    ..........             (no amulet)
HPRegen  1.09/turn              e - ring of protection from magic
MPRegen  0.09/turn              m - ring of protection from magic

@: mighty, flying, regenerating
A: negative energy resistance 1, electricity resistance, unbreathing,
petrification resistance, rot immunity, AC +3
a: Berserk, Trog's Hand, Renounce Religion


You were on level 4 of the Dungeon.
You worshipped Trog.
Trog was pleased with you.
You were not hungry.

You visited 1 branch of the dungeon, and saw 3 of its levels.

You collected 66 gold pieces.

Inventory:

Hand Weapons
 a - a +0 mace (weapon)
Armour
 g - a +0 ring mail (worn)
 l - a +0 pair of boots (worn)
Jewellery
 e - a ring of protection from magic (left hand)
 m - a ring of protection from magic (right hand)
Scrolls
 b - a scroll of identify {unknown}
 d - a scroll of blinking {unknown}
 f - a scroll of enchant armour {unknown}
 h - a scroll of amnesia {unknown}
 i - a scroll of enchant weapon {unknown}
 n - 2 scrolls of remove curse {unknown}
Potions
 j - a potion of curing {unknown}
 k - a potion of flight
Comestibles
 c - a ration


   Skills:
 - Level 3.2 Fighting
 + Level 5.2 Maces & Flails
 - Level 2.1 Armour
 - Level 1.5 Dodging


You had 3 spell levels left.
You didn't know any spells.
Your spell library was empty.

Dungeon Overview and Level Annotations

Branches:
Dungeon (2/15)

Altars:
Trog
Vehumet
Xom


Innate Abilities, Weirdness & Mutations

You are resistant to torment.
Your stone body is resilient. (AC +3)
You are immune to poison.
You resist negative energy. (rN+)
You are resistant to electric shocks. (rElec)
You can survive without breathing.
You are immune to petrification.
You are immune to rotting.


Message History

The adder hisses angrily.
Found a manual of Crossbows and a spear.
A scorpion comes into view.
The troll completely misses you. The troll claws you but does no damage.
The troll claws you.
The scorpion stings you but does no damage.
Your skin crawls.
You feel resistant to hostile enchantments.
You are near starving!
You're too hungry.
You eat one of the 2 rations.
That ration really hit the spot!
The troll barely misses you. The troll claws you! The troll misses you.
You feel very mighty all of a sudden. The troll bites you!
The troll claws you but does no damage. The troll claws you!
* * * LOW HITPOINT WARNING * * *
It was a potion of flight.
You feel very buoyant.
You fly up into the air.
The troll barely misses you. x2; The troll claws you.
You die...

########
......##
####.##..#
#.@Ts..#.#
#..####...##
#..#
#####..##
#.#
##...##..#
#.
#:..S..#.# #
#......s..#
#.).#....##
#........#
##.......#


You could see a troll and a scorpion.

Vanquished Creatures
  Natasha (twice) (D:2)
  An adder (D:2)
  A worm (D:2)
  A dart slug (D:2)
  3 bats
  3 goblins
  4 hobgoblins
  A ball python (D:1)
  3 frilled lizards
  6 kobolds
  7 rats
32 creatures vanquished.

Notes
Turn   | Place    | Note
-------+----------+-------------------------------------------
     0 | D:1      | xccam the Gargoyle Berserker began the quest for the Orb.
     0 | D:1      | Reached XP level 1. HP: 14/14 MP: 1/1
   197 | D:1      | Reached XP level 2. HP: 19/19 MP: 2/2
   381 | D:1      | Found a shimmering altar of Xom.
   670 | D:2      | Reached skill level 4 in Maces & Flails
   674 | D:2      | Reached XP level 3. HP: 17/23 MP: 3/3
   792 | D:2      | Noticed Natasha
   800 | D:2      | Killed Natasha
   800 | D:2      | Reached ** piety under Trog
  1159 | D:2      | Noticed Natasha
  1166 | D:2      | Killed Natasha
  1166 | D:2      | Reached skill level 5 in Maces & Flails
  1166 | D:2      | Reached XP level 4. HP: 16/28 MP: 4/4
  1461 | D:2      | Found a radiant altar of Vehumet.
  1462 | D:2      | Found a bloodstained altar of Trog.
  1668 | D:2      | You fall into a shaft and drop 2 floors!
  1668 | D:4      | Noticed a troll
  1682 | D:4      | HP: 1/28 [troll (9)]
  1683 | D:4      | Slain by a troll

Illustrated notes

Levels and vault maps discovered:
D:1:      shiori_shiawase, layout_basic, minmay_misc_feat_tower,
          xom_teletrap_fun
D:2:      minmay_recursive_quarters, layout_basic,
          gammafunk_temple_overflow_statue, uniq_terence, uniq_natasha
D:4:      layout_basic, temple_pool_b, serial_shops, shop_statue,
          minmay_manual_moon

Skill      XL: |  1  2  3 |
---------------+----------+-----
Maces & Flails | 4 5 |  5.2
Fighting       | |  3.2
Armour         | |  2.1
Dodging        | |  1.5

Action                   |  1- 3 |  4- 6 || total
-------------------------+-------+-------++-------
Melee: Mace              |    88 |     9 ||    97
Invok: Berserk           |     2 |       ||     2
       Trog's Hand       |       |     1 ||     1
  Use: Potion            |       |     2 ||     2
  Eat: Chunk             |     2 |     1 ||     3
       Ration            |       |     1 ||     1
Armor: Ring mail         |    60 |     8 ||    68
       Animal skin       |     5 |       ||     5
       Leather armour    |     2 |       ||     2
Dodge: Dodged            |    82 |    12 ||    94
